 Dungeon Crawl Stone Soup version 0.27-a0-1467-g0648b93 (webtiles) character file.

Game seed: 5361216097611731438

4 ChanningTatum the Chopper (level 1, -1/20 HPs)
             Began as a Minotaur Berserker on July 6, 2021.
             Was a Follower of Trog.
             Slain by a goblin (2 damage)
             ... on level 1 of the Dungeon.
             The game lasted 00:01:16 (348 turns).

ChanningTatum the Chopper (Minotaur Berserker)       Turns: 348, Time: 00:01:17

Health: -1/20      AC:  2    Str: 21    XL:     1   Next: 50%
Magic:  0/0        EV: 12    Int:  4    God:    Trog [*.....]
Gold:   16         SH:  0    Dex:  9    Spells: 0/0 levels left

rFire    . . .     SeeInvis .   a - +0 hand axe
rCold    . . .     Faith    .   (no shield)
rNeg     . . .     Spirit   .   b - +0 animal skin
rPois    .         Reflect  .   (helmet restricted)
rElec    .         Harm     .   (no cloak)
rCorr    .         Rampage  .   (no gloves)
Will     .....                  (no boots)
Stlth    +.........             (no amulet)
HPRegen  0.06/turn              (no ring)
MPRegen  0.07/turn              (no ring)

@: no status effects
A: horns 2, retaliatory headbutt
a: Renounce Religion, Berserk


You were on level 1 of the Dungeon.
You worshipped Trog.
Trog was aware of your devotion.
You visited 1 branch of the dungeon, and saw 1 of its levels.

You collected 16 gold pieces.

Inventory:

Hand Weapons
 a - a +0 hand axe (weapon)
Armour
 b - a +0 animal skin (worn)
Potions
 c - a potion of heal wounds {unknown}


   Skills:
 + Level 3.7 Fighting
 + Level 3.8 Axes
 + Level 2.4 Armour
 + Level 2.2 Dodging


You couldn't memorise any spells.
You didn't know any spells.
Your spell library was empty.

Dungeon Overview and Level Annotations

Branches:
Dungeon (1/15)

Altars:


Innate Abilities, Weirdness & Mutations

You have a pair of horns on your head.
You reflexively headbutt those who attack you in melee.


Message History

You see here a staff of conjuration.
You see here a staff of conjuration.
You open the door.
A hobgoblin comes into view.
The hobgoblin shouts!
You hear a shout!
You slash the hobgoblin!
You kill the hobgoblin!
Trog accepts your kill.
A rat and a hobgoblin come into view.
The hobgoblin shouts!
Found 7 gold pieces.
There is an open door, spattered with blood here.
You closely miss the rat. The rat bites you but does no damage.
You barely miss the rat. The rat bites you.
You closely miss the rat. You headbutt the rat.
You kill the rat!
Trog accepts your kill.
You hit the hobgoblin but do no damage. The hobgoblin barely misses you.
You hit the hobgoblin.
The hobgoblin is heavily wounded.
The hobgoblin hits you with a +0 rapier.
You hit the hobgoblin.
You kill the hobgoblin!
Trog accepts your kill.
A goblin comes into view. It is wielding a +0 dagger.
The goblin hits you with a +0 dagger. The goblin completely misses you.
The goblin hits you with a +0 dagger. The goblin closely misses you.
The goblin hits you but does no damage. The goblin hits you with a +0 dagger.
* * * LOW HITPOINT WARNING * * *
The goblin hits you but does no damage. The goblin hits you with a +0 dagger.
* * * LOW HITPOINT WARNING * * *
The goblin hits you with a +0 dagger.
* * * LOW HITPOINT WARNING * * *
The goblin completely misses you. The goblin hits you with a +0 dagger.
You die...

....# #.#.# #.# ..#.#
#...# #.#. ..... ##..#
#.#.#.##.# #+## ##..#
#.#... #.# #...# ....#
#.##.###.# #..... ##.##
#.##.#.#.# #......
.#.#####.....>..###.......
................@g).......
...########|...####.......
...### #.#.## #......
.....# #...# #..... .....#
###.# #.g.. .....# #.#
.... ...### #.# #.# ...#
#.# #$ #.## #.#


You could see a goblin.

Vanquished Creatures
  2 hobgoblins (D:1)
  2 rats (D:1)
4 creatures vanquished.

Vanquished Creatures (others)
  A fungus (D:1)
1 creature vanquished.

Grand Total: 5 creatures vanquished

Notes
Turn   | Place    | Note
-------+----------+-------------------------------------------
     0 | D:1      | ChanningTatum the Minotaur Berserker began the quest for
                  | the Orb.
     0 | D:1      | Reached XP level 1. HP: 19/19 MP: 0/0
   346 | D:1      | HP: 1/20 [goblin (4)]
   348 | D:1      | Slain by a goblin

Illustrated notes

Levels and vault maps discovered:
D:1:      dpeg_arrival_prison, layout_loops_corners, minmay_pentomino_x4

Action                   || total
-------------------------++-------
Melee: Hand axe          ||     9
       Headbutt          ||     3
Armor: Animal skin       ||     3
Dodge: Dodged            ||     4

Table legend: (Time is in decaauts)
 A = Elapsed time spent in this place.
 B = Non-inter-level travel time spent in this place.
 C = Inter-level travel time spent in this place.
 D = Time resting spent in this place.
 E = Time spent auto-exploring this place.
 F = Levels seen in this place.
 G = Mean time per level.
                   A        B        C        D        E       F      G
               +--------+--------+--------+--------+--------+-----+--------+
         Total |    349 |    349 |      0 |      0 |    249 |   1 |  349.0 |
       Dungeon |    349 |    349 |      0 |      0 |    249 |   1 |  349.0 |
               +--------+--------+--------+--------+--------+-----+--------+

Top non-repeatable levels by time:
     D:1: 349 daAuts
